 Dungeon Crawl Stone Soup version 0.19-a0-1937-g70ed36a (console) character file.

1695 Codrus the Ducker (level 9, -15/54 HPs)
             Began as an Octopode Transmuter on Oct 27, 2016.
             Was a Believer of Cheibriados.
             Demolished by an ogre
             ... wielding a +0 giant club
              (31 damage)
             ... on level 7 of the Dungeon.
             The game lasted 01:01:03 (11069 turns).

Codrus the Ducker (Octopode Transmuter)            Turns: 11069, Time: 01:01:04

Health: -15/54     AC:  2    Str: 13    XL:     9   Next: 3%
Magic:  10/12      EV: 27    Int: 24    God:    Cheibriados [**....]
Gold:   365        SH:  0    Dex: 24    Spells: 4 memorised, 2 levels left

rFire  . . .     SeeInvis .       - Unarmed
rCold  . . .     Gourm    .     (shield currently unavailable)
rNeg   . . .     Faith    .     (helmet currently unavailable)
rPois  .         Spirit   .     (no amulet)
rElec  .         Reflect  .     P - ring of poison resistance
rCorr  .         Harm     .     w - ring of wizardry
MR     .....                    i - +4 ring of intelligence
Stlth  ++++......               (no ring)
                                (no ring)
                                (no ring)
                                (no ring)
                                (no ring)

@: spider-form (expiring), very slow
A: almost no armour, stealthy swim, (amphibious), 8 rings, (constrict 8),
(camouflage 0), (gelatinous body 0)
a: End Transformation, Bend Time, Renounce Religion


You were on level 7 of the Dungeon.
You worshipped Cheibriados.
Cheibriados was pleased with you.
You were not hungry.
You were a venomous arachnid creature.
You visited 2 branches of the dungeon, and saw 8 of its levels.

You collected 365 gold pieces.

Inventory:

Missiles
 a - 94 arrows
 m - 3 tomahawks of returning (quivered)
 Z - 156 stones
Jewellery
 i - a +4 ring of intelligence (on tentacle)
 w - a ring of wizardry (right front leg)
 P - a ring of poison resistance (left front leg)
Wands
 o - a wand of flame (33/48)
 s - a wand of paralysis (11/24)
Scrolls
 h - 2 scrolls of enchant weapon
 l - 3 scrolls of remove curse
 n - a scroll of enchant armour {unknown}
 p - a scroll of magic mapping {unknown}
 q - a scroll of noise {unknown}
 r - a scroll of recharging {unknown}
 t - a scroll of teleportation {unknown}
 u - 2 scrolls of amnesia
 x - a scroll of fear {unknown}
 B - a scroll of immolation {unknown}
Potions
 e - 2 potions of flight {unknown}
 f - 2 potions of heal wounds
 g - 3 potions of lignification
 k - 2 potions of brilliance
 v - 2 potions of curing {unknown}
 y - a potion of magic {unknown}
 z - a potion of mutation {unknown}
 A - a potion of invisibility {unknown}
Books
 b - a book of Changes

   Spells                             Type                      Level
   a - Beastly Appendage              Transmutation                1
   b - Sticks to Snakes               Transmutation                2
   c - Spider Form                    Transmutation/Poison         3
   d - Ice Form                       Ice/Transmutation            4
   e - Blade Hands                    Transmutation                5
Comestibles
 c - 4 bread rations
 d - 4 meat rations


   Skills:
 - Level 2.0 Fighting
 + Level 6.3 Dodging
 - Level 5.2 Stealth
 - Level 5.0 Unarmed Combat
 - Level 2.1 Spellcasting
 - Level 5.2 Transmutations
 + Level 2.7 Ice Magic
 - Level 4.6 Invocations


You had 2 spell levels left.
You knew the following spells:

 Your Spells              Type           Power        Failure   Level  Hunger
a - Beastly Appendage     Tmut           ####..       2%          1    None
i - Sticks to Snakes      Tmut           ####....     3%          2    ##.....
x - Spider Form           Tmut/Pois      ###.......   13%         3    ###....
I - Ice Form              Ice/Tmut       ###.....     21%         4    ####...


Dungeon Overview and Level Annotations

Branches:
Dungeon (7/15)             Temple (1/1) D:6

Altars:
Ashenzari
Cheibriados
Dithmenos
Fedhas
Gozag
Hepliaklqana
Kikubaaqudgha
Nemelex Xobeh
Qazlal
Ru
Trog
Uskayaw
Vehumet
Xom
Yredelemnul

Annotations:
D:4 Sigmund
D:5 hellotanjent's ghost, novice GrFi
D:7 exclusions: killer bee and ogre, Pikel


Innate Abilities, Weirdness & Mutations

You cannot wear most types of armour.
You are very stealthy in the water. (Stealth+)
((You are amphibious.))
You can wear up to eight rings at the same time.
((You can use your tentacles to constrict eight enemies at once.))
((Your skin changes colour to match your surroundings (Stealth+).))
((Your rubbery body absorbs attacks. (AC +1, EV +1)))


Message History

The killer bee closely misses you. The killer bee stings you.
The slave misses you. The killer bee closely misses you.
The killer bee completely misses you. The killer bee stings you.
Unknown command.
The killer bee completely misses you. x2; The killer bee barely misses you.
The ogre closely misses you. The killer bee misses you.
The orc warrior completely misses you. The killer bee completely misses you.
The slave hits you!
An orc comes into view. It is wielding a short sword.
The orc shouts!
The killer bee stings you. The killer bee misses you.
The ogre hits you with a giant club.
* * * LOW HITPOINT WARNING * * *
The killer bee closely misses you. The orc warrior completely misses you.
The killer bee completely misses you. The killer bee misses you.
The killer bee misses you. The orc warrior completely misses you.
The ogre hits you with a giant club!!
Ouch! That really hurt!
You die...

#....# #.## #....# #... #.....
##...##### #..... #.%[...).## ..
##..#.# .......#).#
#..######...#.# .......##.##
#........#.#.#
.......##.o#############..#######
#.KK....poop..yys.........#
...p...######†pO###.......#
......o #E#.o.#E#.#####.#
....p...#####..y###.# #.#
#...................#####.#
##....(......._....##.....#
####po.##.........#..# ## #K.
####...###.[# #E#...#E#.##


You could see an air elemental (wandering), 2 orc warriors, an ogre, 2 slaves, 3
killer bees and 2 orcs.

Vanquished Creatures
  A slave (D:7)
  A phantom (D:5)
  A centaur (D:4)
  A gnoll sergeant (D:5)
  3 bullfrogs (D:6)
  A water moccasin skeleton (D:7)
  2 howler monkeys
  A crimson imp (D:6)
  2 bullfrog zombies
  A gnoll shaman (D:6)
  A jelly (D:7)
  5 orc wizards
  5 orc priests
  2 hounds (D:6)
  7 worker ants
  2 iguanas
  A worker ant zombie (D:6)
  12 adders
  10 gnolls
  2 shadow imps (D:5)
  2 oozes (D:1)
  2 adder skeletons
  6 dart slugs
  4 leopard geckos
  33 orcs
  9 bats
  7 giant cockroaches
  12 goblins
  8 hobgoblins
  10 jackals
  3 quokkas
  3 ball pythons
  6 frilled lizards
  2 jackal skeletons (D:5)
  8 kobolds
  6 rats
  A spectral orc (D:6)
183 creatures vanquished.

Vanquished Creatures (collateral kills)
  2 worms
2 creatures vanquished.

Grand Total: 185 creatures vanquished

Notes
Turn   | Place    | Note
-------+----------+-------------------------------------------
     0 | D:1      | Codrus the Octopode Transmuter began the quest for the Orb.
     0 | D:1      | Reached XP level 1. HP: 13/13 MP: 3/3
    24 | D:1      | Reached XP level 2. HP: 6/18 MP: 3/5
   558 | D:1      | Learned a level 2 spell: Sticks to Snakes
   651 | D:1      | Reached XP level 3. HP: 15/23 MP: 4/6
  1894 | D:2      | Reached XP level 4. HP: 20/28 MP: 5/7
  2379 | D:2      | Reached skill level 5 in Unarmed Combat
  2669 | D:2      | Reached skill level 1 in Stealth
  3312 | D:3      | Found a shattered altar of Ashenzari.
  3435 | D:3      | Found a faded altar of an unknown god.
  3547 | D:3      | Found an ancient bone altar of Kikubaaqudgha.
  3556 | D:3      | Found an opulent altar of Gozag.
  4061 | D:3      | Reached XP level 5. HP: 30/33 MP: 6/8
  4420 | D:3      | Learned a level 3 spell: Spider Form
  5032 | D:4      | Noticed Sigmund
  5448 | D:3      | Reached XP level 6. HP: 21/38 MP: 7/9
  5674 | D:5      | Entered Level 5 of the Dungeon
  5687 | D:5      | Noticed a phantom
  7018 | D:4      | Reached skill level 5 in Transmutations
  7243 | D:4      | Reached skill level 3 in Dodging
  7243 | D:4      | Reached XP level 7. HP: 7/43 MP: 6/10
  7907 | D:5      | Learned a level 4 spell: Ice Form
  7997 | D:5      | Reached skill level 4 in Dodging
  8414 | D:5      | Reached skill level 5 in Dodging
  8509 | D:5      | Noticed hellotanjent's ghost (novice GrFi)
  8934 | D:4      | Reached XP level 8. HP: 50/50 MP: 7/11
  9117 | D:6      | Found a staircase to the Ecumenical Temple.
  9126 | Temple   | Entered the Ecumenical Temple
  9185 | Temple   | Became a worshipper of Cheibriados the Contemplative
  9218 | Temple   | Reached skill level 1 in Invocations
 10007 | D:6      | Reached * piety under Cheibriados
 10463 | D:6      | Reached skill level 5 in Stealth
 10464 | D:6      | Found a stormy altar of Qazlal.
 10525 | D:6      | Found a basalt altar of Yredelemnul.
 10679 | D:6      | Reached skill level 1 in Ice Magic
 10883 | D:5      | Reached skill level 6 in Dodging
 11005 | D:7      | Noticed an air elemental
 11012 | D:7      | Found a stormy altar of Qazlal.
 11013 | D:7      | Noticed a water elemental
 11036 | D:7      | Noticed Pikel
 11047 | D:7      | Reached XP level 9. HP: 43/54 MP: 10/12
 11062 | D:7      | Reached ** piety under Cheibriados
 11069 | D:7      | Demolished by an ogre

Vault maps used:
D:1:      nicolae_arrival_memento_mori
D:2:      first_bread, minmay_surrounded
D:3:      gammafunk_temple_overflow_pools, nicolae_ashenzari_panopticon,
          ecumenical_altar_2, kennysheep_generic_room_6
D:4:      uniq_sigmund
D:6:      yredelemnul_forgotten_temple_becter, basic_altar
D:7:      the_bakery, nicolae_qazlal_style_of_elements, uniq_pikel
Temple:   nicolae_temple_elliptical

Skill      XL: |  1  2  3  4  5  6  7  8 |
---------------+-------------------------+-----
Unarmed Combat | 4 5 |  5.0
Stealth        | 3 5 |  5.2
Transmutations | 3 5 |  5.2
Dodging        | 3 5 6 |  6.3
Fighting       | 2 |  2.0
Invocations    | 4 |  4.6
Ice Magic      | 2 |  2.7
Spellcasting   | |  2.1

Action                   |  1- 3 |  4- 6 |  7- 9 || total
-------------------------+-------+-------+-------++-------
Melee: Unarmed           |    75 |   200 |   275 ||   550
       Tentacles         |     6 |    26 |    33 ||    65
       Constrict         |    20 |    45 |    32 ||    97
       Kick              |    14 |    43 |    43 ||   100
       Punch             |       |     5 |     3 ||     8
Throw: Stone             |     8 |    19 |     9 ||    36
       Tomahawk          |       |    17 |    22 ||    39
 Cast: Beastly Appendage |    18 |    43 |    29 ||    90
       Sticks to Snakes  |       |     4 |       ||     4
       Spider Form       |       |     3 |    20 ||    23
  Use: Scroll            |       |     4 |     3 ||     7
       Potion            |       |       |     1 ||     1
 Stab: Sleeping          |     3 |     7 |     5 ||    15
       Distracted        |       |       |     2 ||     2
  Eat: Chunk             |     2 |    16 |    13 ||    31
       Fruit             |       |     1 |       ||     1
       Pizza             |       |     1 |       ||     1
       Beef jerky        |       |       |     1 ||     1
Armor: Skin              |     7 |     4 |    13 ||    24
Dodge: Dodged            |    46 |   113 |   200 ||   359
